 Dungeon Crawl Stone Soup version 0.30-a0-778-g2ef04afb54 (webtiles) character file.

Game seed: 8085599516637392395

704 sircluck the Chopper (level 7, -14/61 HPs)
             Began as a Hill Orc Fighter on Feb 16, 2023.
             Was an Initiate of Beogh.
             Demolished by an ogre
             ... wielding a +0 giant club
              (25 damage)
             ... on level 5 of the Dungeon.
             The game lasted 00:06:35 (5066 turns).

sircluck the Chopper (Hill Orc Fighter)             Turns: 5066, Time: 00:06:36

Health: -14/61     AC:  7    Str: 21    XL:     7   Next: 66%
Magic:  7/7        EV: 10    Int:  8    God:    Beogh [......]
Gold:   191        SH:  4    Dex: 10    Spells: 6/6 levels left

rFire   . . .      SeeInvis .    a - +0 war axe
rCold   . . .      Faith    .    c - +0 buckler
rNeg    . . .      Spirit   .    b - +0 scale mail
rPois   .          Reflect  .    (no helmet)
rElec   .          Harm     .    (no cloak)
rCorr   .          Rampage  .    (no gloves)
Will    .....                    (no boots) Stlth
                                 (no amulet)
HPRegen 0.30/turn                (no ring)
MPRegen 0.10/turn                (no ring)

@: no status effects
A: no striking features
a: Renounce Religion


You were on level 5 of the Dungeon.
You worshipped Beogh.
Beogh was noncommittal.
You visited 1 branch of the dungeon, and saw 5 of its levels.

You collected 191 gold pieces.

Inventory:

Hand Weapons
 a - a +0 war axe (weapon)
Missiles
 h - 62 stones (quivered)
 n - 2 boomerangs
 s - 6 javelins
Armour
 b - a +0 scale mail (worn)
 c - a +0 buckler (worn)
 i - a +0 pair of boots
 y - a +0 pair of gloves
Jewellery
 t - a +5 ring of evasion
 z - an amulet of the acrobat
 A - a ring of ice
Wands
 x - a wand of flame (17)
Scrolls
 g - 3 scrolls of identify {unknown}
 j - 3 scrolls of teleportation {unknown}
 p - a scroll of immolation {unknown}
 q - a scroll of enchant weapon {unknown}
 r - a scroll of noise {unknown}
 v - 3 scrolls of blinking {unknown}
 w - 2 scrolls of magic mapping {unknown}
 B - a scroll of poison {unknown}
Potions
 d - a potion of might
 e - 2 potions of brilliance {unknown}
 f - a potion of mutation {unknown}
 k - 3 potions of heal wounds {unknown}
 l - a potion of lignification {unknown}
 m - a potion of ambrosia {unknown}
 o - a potion of invisibility
 u - 3 potions of curing


   Skills:
 + Level 5.5 Fighting
 + Level 7.1 Axes
 + Level 5.4 Armour
 + Level 1.7 Dodging
 + Level 0.3 Stealth
 + Level 4.2 Shields


You had 6 spell levels left.
You didn't know any spells.
Your spell library contained the following spells:

 Spells                   Type           Power      Damage    Failure   Level
 Magic Dart               Conj           0%         1d3       82%         1
 Blink                    Tloc           0%         N/A       91%         2
 Call Imp                 Summ           0%         N/A       91%         2
 Lesser Beckoning         Tloc           0%         N/A       91%         2
 Momentum Strike          Conj/Tloc      0%         3d8       91%         2
 Mephitic Cloud           Conj/Pois/Air  0%         N/A       99%         3


Dungeon Overview and Level Annotations

Branches:
Dungeon (5/15)
 Temple: D:4-7

Altars:

Annotations:
D:5 Sigmund


Message History

You barely miss the orc.
The orc is heavily wounded.
The orc barely misses you.
You barely miss the orc.
The orc is heavily wounded.
The orc hits you but does no damage.
You closely miss the orc.
The orc is heavily wounded.
You block the orc's attack.
The orc priest calls down the wrath of Beogh upon you.
Beogh smites you!
You hit the orc.
The orc is heavily wounded.
You block the orc's attack.
You barely miss the orc.
The orc is heavily wounded.
The orc hits you but does no damage.
You closely miss the orc.
The orc is heavily wounded.
The orc closely misses you. The orc misses you.
You hit the orc.
You kill the orc!
Beogh accepts your kill.
You barely miss the ogre. The ogre closely misses you.
You slash the ogre!
The ogre is moderately wounded.
An orc appears from thin air!
Reactivating autopickup.
You slash the ogre!
The ogre is severely wounded.
The ogre hits you with a +0 giant club!
* * * LOW HITPOINT WARNING * * *
You hit the ogre.
The ogre is severely wounded.
The ogre hits you with a +0 giant club!
* * * LOW HITPOINT WARNING * * *
You hit the ogre but do no damage.
The ogre is severely wounded.
The ogre hits you with a +0 giant club!!
You die...

#.# ..# #.#
..####..........#
#.#
#...............#
#.#
#............##.#
#.#
#............##.#
#†#
.............##.#
#.#
..{..........##.#
#.#
o............##@#
#.#
......!......##O#
#.#
......{......##o#
#.#
.......o.....##o#
#.#
...#####.O#####.#
#.# .. ##.## #.#
#.# . ##..####.#
#.# #....O...#
#.# #........#
#.#


You could see an ogre, an orc priest and an orc.

Vanquished Creatures
  2 ogres
  2 phantoms (D:4)
  Blork the orc (D:4)
  A scorpion (D:5)
  A jelly (D:2)
  Ijyb (D:3)
  2 iguanas (D:4)
  An orc wizard (D:4)
  4 adders
  A worm (D:2)
  3 dart slugs
  4 orcs
  A ball python (D:1)
  7 bats
  7 endoplasms
  A giant cockroach (D:3)
  5 hobgoblins (D:1)
  4 jackals (D:1)
  10 quokkas
  A frilled lizard (D:2)
  6 goblins
  10 kobolds
  5 rats
80 creatures vanquished.

Notes
Turn   | Place    | Note
-------+----------+-------------------------------------------
     0 | D:1      | sircluck the Hill Orc Fighter began the quest for the Orb.
     0 | D:1      | Reached XP level 1. HP: 19/19 MP: 1/1
   182 | D:1      | Reached XP level 2. HP: 27/27 MP: 2/2
   268 | D:1      | Reached skill level 3 in Axes
   353 | D:1      | Reached XP level 3. HP: 33/33 MP: 3/3
   922 | D:2      | Reached skill level 4 in Axes
   922 | D:2      | Reached XP level 4. HP: 12/40 MP: 4/4
  1996 | D:3      | Found a faded altar of an unknown god.
  2035 | D:3      | Noticed Ijyb
  2053 | D:3      | Killed Ijyb
  2054 | D:3      | Reached XP level 5. HP: 22/47 MP: 5/5
  2969 | D:4      | Noticed Blork the orc
  2980 | D:4      | Killed Blork the orc
  2981 | D:4      | Reached skill level 5 in Axes
  2981 | D:4      | Reached XP level 6. HP: 16/55 MP: 6/6
  3666 | D:4      | Became a worshipper of Beogh the Brigand
  3952 | D:4      | Reached skill level 1 in Dodging
  4003 | D:4      | Reached skill level 5 in Fighting
  4003 | D:4      | Reached skill level 6 in Axes
  4010 | D:4      | HP: 1/56 [phantom (5)]
  4015 | D:4      | Reached skill level 5 in Armour
  4015 | D:4      | Reached XP level 7. HP: 15/61 MP: 7/7
  4434 | D:5      | Entered Level 5 of the Dungeon
  4449 | D:5      | Noticed Sigmund
  4852 | D:5      | Reached skill level 7 in Axes
  5066 | D:5      | Demolished by an ogre

Illustrated notes

Levels and vault maps discovered:
D:1:      eino_arrival_cavern_a, layout_loops_ring
D:2:      layout_basic
D:3:      layout_basic, ebering_ecumenical_altar_box, uniq_ijyb
D:4:      minmay_octagon_keep, layout_basic, serial_corexii_hall,
          corexii_hall_statues_l, chequers_hall_statues_corner_a,
          small_statue_intersection, grunt_ministairs_7, uniq_blork_the_orc
D:5:      layout_basic, uniq_menkaure, uniq_edmund, uniq_sigmund

Skill      XL: |  1  2  3  4  5  6  7 |
---------------+----------------------+-----
Axes           | 3 4 5 6 7 |  7.1
Fighting       | 4 5 |  5.5
Armour         | 4 5 |  5.4
Dodging        | 1 |  1.7
Shields        | 4 |  4.2
Stealth        | |  0.3

Action                     |  1- 3 |  4- 6 |  7- 9 || total
---------------------------+-------+-------+-------++-------
  Melee: War axe           |   101 |   158 |    45 ||   304
 Invoke: Convert to Beogh  |       |     1 |       ||     1
    Use: Potion            |       |     1 |       ||     1
 Armour: Scale mail        |    53 |    87 |    15 ||   155
  Dodge: Dodged            |    54 |    73 |    16 ||   143
  Block: Buckler           |    29 |    33 |     7 ||    69

Table legend: (Time is in decaauts)
 A = Elapsed time spent in this place.
 B = Non-inter-level travel time spent in this place.
 C = Inter-level travel time spent in this place.
 D = Time resting spent in this place.
 E = Time spent auto-exploring this place.
 F = Levels seen in this place.
 G = Mean time per level.
                   A        B        C        D        E       F      G
               +--------+--------+--------+--------+--------+-----+--------+
         Total |   5163 |   4567 |    596 |    570 |   3185 |   5 | 1032.6 |
       Dungeon |   5163 |   4567 |    596 |    570 |   3185 |   5 | 1032.6 |
               +--------+--------+--------+--------+--------+-----+--------+

Top non-repeatable levels by time:
     D:4: 2092 daAuts
     D:2: 1015 daAuts
     D:3: 941 daAuts
     D:1: 840 daAuts
     D:5: 273 daAuts
